 Dungeon Crawl Stone Soup version 0.20-a0-270-g8e735b6 (webtiles) character file.

7238 Ijustatesigmund the Cleaver (level 11, 0/101 HPs)
             Began as a Hill Orc Monk on Dec 5, 2016.
             Was a High Priest of Cheibriados.
             Hit by a poisoned javelin thrown by Urug (22 damage)
             ... on level 11 of the Dungeon on Dec 9, 2016.
             The game lasted 00:27:47 (9783 turns).

Ijustatesigmund the Cleaver (Hill Orc Monk)         Turns: 9783, Time: 00:27:49

Health: 0/101      AC: 18    Str: 28    XL:     11   Next: 12%
Magic:  16/18      EV: 10    Int: 22    God:    Cheibriados [*****.]
Gold:   468        SH:  0    Dex: 27    Spells: 10/10 levels left

rFire  . . .     SeeInvis .     s - +1 war axe
rCold  . . .     Gourm    .     n - +0 plate armour
rNeg   . . .     Faith    .     (no shield)
rPois  .         Spirit   .     A - +2 hat
rElec  .         Reflect  .     z - +0 cloak
rCorr  +         Harm     .     (no gloves)
MR     .....                    q - +0 pair of boots
Stlth  ..........               (no amulet)
                                y - +1 ring of protection
                                i - ring of resist corrosion

@: very slightly contaminated, heavily drained, very slow
A: no striking features
a: Bend Time, Temporal Distortion, Slouch, Step From Time, Renounce Religion


You were on level 11 of the Dungeon.
You worshipped Cheibriados.
Cheibriados was extremely pleased with you.
You were hungry.

You visited 2 branches of the dungeon, and saw 12 of its levels.

You collected 468 gold pieces.

Inventory:

Hand Weapons
 s - a +1 war axe (weapon)
 G - a +2 flail of holy wrath
Armour
 n - a +0 plate armour (worn)
 q - a +0 pair of boots (worn)
 z - a +0 cloak (worn)
 A - a +2 hat (worn)
Jewellery
 i - a ring of resist corrosion (left hand)
 u - an uncursed ring of magical power
 y - a +1 ring of protection (right hand)
Wands
 t - a wand of lightning (6/15)
 w - a wand of confusion (21/48)
 F - a wand of flame (18/48)
 J - a wand of flame (16/48)
 K - a wand of flame (31/48)
Scrolls
 f - 3 scrolls of magic mapping
 g - 2 scrolls of fog
 h - a scroll of immolation
 l - 2 scrolls of teleportation
 o - 7 scrolls of remove curse
 B - a scroll of blinking
 I - a scroll of amnesia
Potions
 d - 3 potions of cure mutation
 e - a potion of magic {unknown}
 j - 2 potions of mutation {unknown}
 k - a potion of brilliance {unknown}
 m - 2 potions of curing {unknown}
 p - a potion of might
 r - a potion of lignification {unknown}
 v - a potion of heal wounds
 x - a potion of haste {unknown}
 D - a potion of agility {unknown}
 H - 2 potions of ambrosia {unknown}
Comestibles
 a - 4 meat rations
 c - 3 bread rations
 C - 28 fruits


   Skills:
 - Level 10.8(9.1) Fighting
 + Level 11.3(9.6) Axes
 - Level 8.8(7.2) Armour
 + Level 4.6(3.1) Dodging
 - Level 1.5(0.2) Stealth
 + Level 9.4(7.8) Invocations


You had 10 spell levels left.
You didn't know any spells.

Dungeon Overview and Level Annotations

Branches:
Dungeon (11/15)            Temple (1/1) D:4            Lair (0/6) D:8
    Orc: D:9-12

Altars:
Ashenzari
Cheibriados
Dithmenos
Elyvilon
Fedhas
Gozag
Hepliaklqana
Kikubaaqudgha
Makhleb
Nemelex Xobeh
Okawaru
Qazlal
Ru
Sif Muna
Trog
Uskayaw
Vehumet
Xom
Yredelemnul
Zin
The Shining One

Portals:
Trove: D:10 (give 17 scrolls of identify)


Message History

You feel strangely unstable.
The bullfrog hits you but does no damage.
The bullfrog barely misses you.
You slash the bullfrog!
The bullfrog is severely wounded.
The bullfrog hits you but does no damage.
You closely miss the bullfrog.
The bullfrog is severely wounded.
Your surroundings suddenly seem different.
An orc wizard comes into view. It is wielding a dagger.
The orc wizard shouts!
You hear an angry hiss.
You hear a shout!
A bullfrog skeleton comes into view.
An orc comes into view. It is wielding an enchanted trident.
The orc shouts!
You hear a distant blaring wail to the northwest.
The orc wizard casts a spell at you.
You easily resist.
The orc wizard hits you but does no damage.
Urug throws a poisoned javelin.
The poisoned javelin hits you!!
You die...

.. .. ..#
D.. .....#
#o# #.#..#
........#
#.#.#..##
.......
.#.#.#o#.#
.Z.....@.#
.#.#.#.#.#
........#
#.#.#.#.o
.........
#.#.#.#....
###........#
. .......# .
.....#


You could see Urug, a steam dragon, an orc wizard, an orc and a bullfrog
skeleton.

Vanquished Creatures
  Erolcha (D:9)
  Pikel (D:9)
  The ghost of gamerape the Slasher, a novice VSCK of Xom (D:5)
  A gargoyle (D:10)
  A troll (D:6)
  A two-headed ogre (D:9)
  2 hippogriffs
  A hungry ghost (D:8)
  Edmund (D:6)
  2 sky beasts
  A black bear (D:5)
  An orc warrior (D:8)
  An ice beast (D:5)
  2 phantoms
  An eye of draining (D:6)
  A slave (D:9)
  5 ogres
  7 centaurs
  3 big kobolds
  4 bullfrogs
  A water moccasin zombie (D:8)
  A water moccasin skeleton (D:8)
  A scorpion (D:7)
  9 killer bees
  A howler monkey (D:4)
  A crimson imp (D:6)
  Crazy Yiuf (D:5)
  2 centaur skeletons
  11 orc priests
  6 hounds
  4 jellies
  A bullfrog skeleton (D:4)
  11 orc wizards
  4 iguanas
  8 worker ants
  A hound skeleton (D:5)
  3 gnolls (D:3)
  9 adders
  2 shadow imps
  5 oozes
  An adder skeleton (D:7)
  An adder zombie (D:7)
  4 worms
  2 dart slugs
  5 leopard geckos
  34 orcs
  4 ball pythons
  3 bats (D:2)
  5 giant cockroaches
  10 goblins
  9 hobgoblins
  6 jackals
  6 quokkas
  6 frilled lizards
  A giant cockroach zombie (D:6)
  18 kobolds
  3 quokka skeletons
  7 rats
245 creatures vanquished.

Notes
Turn   | Place    | Note
-------+----------+-------------------------------------------
     0 | D:1      | Ijustatesigmund the Hill Orc Monk began the quest for the Orb.
     0 | D:1      | Reached XP level 1. HP: 19/19 MP: 1/1
   288 | D:1      | Reached XP level 2. HP: 27/27 MP: 2/2
   817 | D:2      | Reached XP level 3. HP: 34/34 MP: 3/3
  1317 | D:2      | Reached skill level 5 in Axes
  1318 | D:2      | Reached XP level 4. HP: 38/41 MP: 4/4
  1419 | D:2      | Reached skill level 5 in Fighting
  1527 | D:2      | Reached skill level 1 in Armour
  1972 | D:3      | Reached XP level 5. HP: 46/48 MP: 5/5
  2894 | D:4      | Noticed an ogre
  2899 | D:4      | Killed an ogre
  2899 | D:4      | Reached skill level 6 in Axes
  2899 | D:4      | Reached XP level 6. HP: 43/57 MP: 6/6
  3021 | D:4      | Found a staircase to the Ecumenical Temple.
  3059 | Temple   | Entered the Ecumenical Temple
  3160 | Temple   | Became a worshipper of Cheibriados the Contemplative
  3160 | Temple   | Reached * piety under Cheibriados
  3160 | Temple   | Reached ** piety under Cheibriados
  3322 | D:4      | Noticed a phantom
  3347 | D:4      | Killed a phantom
  3347 | D:4      | Reached skill level 1 in Invocations
  3347 | D:4      | Reached XP level 7. HP: 61/64 MP: 6/8
  3934 | D:4      | Reached skill level 7 in Axes
  4798 | D:5      | Entered Level 5 of the Dungeon
  4860 | D:5      | Noticed Edmund
  4889 | D:5      | Noticed gamerape's ghost (novice VSCK)
  4905 | D:5      | Killed gamerape's ghost
  4905 | D:5      | Reached skill level 8 in Axes
  4905 | D:5      | Reached skill level 5 in Invocations
  4905 | D:5      | Reached XP level 8. HP: 38/71 MP: 11/11
  5254 | D:5      | Reached skill level 9 in Axes
  5423 | D:5      | Found a runed door.
  5427 | D:5      | Noticed Crazy Yiuf
  5445 | D:5      | Killed Crazy Yiuf
  6140 | D:6      | Reached *** piety under Cheibriados
  6249 | D:6      | Reached XP level 9. HP: 79/79 MP: 14/14
  6438 | D:6      | Reached skill level 5 in Armour
  6484 | D:6      | Noticed a troll
  6491 | D:6      | Killed a troll
  6598 | D:6      | Killed Edmund
  7447 | D:7      | Reached **** piety under Cheibriados
  7700 | D:7      | Reached skill level 10 in Fighting
  7700 | D:7      | Reached XP level 10. HP: 87/93 MP: 15/15
  7759 | D:7      | Found a sacrificial altar of Ru.
  7927 | D:8      | Found a staircase to the Lair.
  8257 | D:8      | Reached ***** piety under Cheibriados
  8659 | D:9      | Found a shadowy altar of Dithmenos.
  8670 | D:9      | Reached skill level 10 in Axes
  9027 | D:9      | Noticed Erolcha
  9038 | D:9      | Killed Erolcha
  9294 | D:9      | Noticed Pikel
  9314 | D:9      | Killed Pikel
  9316 | D:9      | Reached skill level 11 in Axes
  9316 | D:9      | Reached XP level 11. HP: 98/101 MP: 17/17
  9352 | D:9      | You fall through a shaft!
  9352 | D:10     | Entered Level 10 of the Dungeon
  9620 | D:10     | Upgraded the game from 0.20-a0-266-gdedccd6 to 0.20-a0-270-g8e735b6
  9698 | D:10     | Found a portal to a secret trove of treasure.
  9746 | D:10     | Noticed a cyan ugly thing
  9783 | D:11     | Hit by a poisoned javelin thrown by Urug

Vault maps used:
D:1:      scummos_arrival_gate
D:2:      minmay_goblin_outpost
D:3:      serial_glass, glass_columns_c, glass_columns_a, serial_bayou_pond_e
D:4:      kennysheep_potato
D:5:      first_bread, uniq_edmund, uniq_crazy_yiuf_cottage
D:7:      nicolae_ru_path_of_blood
D:8:      lair_entry_dummy, blue_anna_alchemist
D:9:      hiddenorc1_lemuel, minmay_stone_trees_small,
          nicolae_dithmenos_the_darkroom, uniq_erolcha, uniq_pikel
D:10:     enter_trove_1, minivault_12, uniq_snorg
D:11:     hangedman_abyss_or_decor_stabs, st_stairs_11,
          hangedman_corner_corridor, uniq_harold, uniq_urug
Temple:   dpeg_three_leaves_temple

Skill      XL: |  1  2  3  4  5  6  7  8  9 10 11 |
---------------+----------------------------------+-----
Fighting       | 4 5 6 7 10 | 10.8
Axes           | 5 6 8 9 11 | 11.3
Armour         | 1 2 3 4 7 8 |  8.8
Invocations    | 1 5 6 8 9 |  9.4
Dodging        | 4 |  4.6
Stealth        | |  1.5

Action                   |  1- 3 |  4- 6 |  7- 9 | 10-12 || total
-------------------------+-------+-------+-------+-------++-------
Melee: Hand axe          |   112 |   104 |       |       ||   216
       War axe           |       |    94 |   328 |   207 ||   629
Invok: Bend Time         |       |       |     2 |     3 ||     5
       Slouch            |       |       |       |     1 ||     1
Evoke: Wand              |       |       |       |     1 ||     1
  Use: Scroll            |     6 |     2 |     7 |     2 ||    17
       Potion            |       |       |       |     1 ||     1
 Stab: Sleeping          |     3 |       |       |       ||     3
       Invisible         |       |       |     2 |       ||     2
  Eat: Chunk             |     1 |     2 |     7 |     3 ||    13
       Meat ration       |       |     1 |       |     1 ||     2
       Fruit             |       |       |       |     2 ||     2
Armor: Robe              |     1 |       |       |       ||     1
       Leather armour    |    23 |       |       |       ||    23
       Plate armour      |    13 |   183 |   219 |   184 ||   599
Dodge: Dodged            |    76 |    51 |   138 |   132 ||   397
